 Dungeon Crawl Stone Soup version 0.29-a0-338-g1ff7896281 (webtiles) character file.

Game seed: 11534582144396594573

81 Murumi the Skirmisher (level 4, 0/38 HPs)
             Began as a Demigod Fighter on Apr 18, 2022.
             Killed from afar by a white imp (7 damage)
             ... with a puff of frost
             ... summoned by Natasha
             ... on level 1 of the Dungeon.
             The game lasted 00:03:26 (1473 turns).

Murumi the Skirmisher (Demigod Fighter)             Turns: 1473, Time: 00:03:27

Health: 0/38       AC:  9    Str: 17    XL:     4   Next: 0%
Magic:  6/6        EV:  8    Int: 16    God:
Gold:   66         SH:  9    Dex: 17    Spells: 3/3 levels left

rFire   . . .      SeeInvis .   a - +0 long sword
rCold   . . .      Faith    .   h - +0 kite shield
rNeg    . . .      Spirit   .   b - +0 scale mail
rPois   .          Reflect  .   c - +0 helmet
rElec   .          Harm     .   i - +0 cloak
rCorr   .          Rampage  .   (no gloves)
Will    .....                   (no boots)
Stlth   ..........              (no amulet)
HPRegen 0.12/turn               f - +6 ring of intelligence
MPRegen 0.10/turn               (no ring)

@: slowed, very slow
A: high MP 1, forlorn, divine attributes
a: no special abilities


You were on level 1 of the Dungeon.
You visited 1 branch of the dungeon, and saw 2 of its levels.

You collected 66 gold pieces.

Inventory:

Hand Weapons
 a - a +0 long sword (weapon)
Armour
 b - a +0 scale mail (worn)
 c - a +0 helmet (worn)
 h - a +0 kite shield (worn)
 i - a +0 cloak (worn)
Jewellery
 f - a +6 ring of intelligence (left hand)
Potions
 d - a potion of might
 e - 3 potions of haste
 g - a potion of degeneration {unknown}
 j - a potion of ambrosia {unknown}


   Skills:
 - Level 3.0 Fighting
 + Level 2.3 Long Blades
 - Level 3.0 Armour
 - Level 2.0 Dodging
 - Level 1.0 Stealth
 - Level 3.0 Shields


You had 3 spell levels left.
You didn't know any spells.
Your spell library was empty.

Dungeon Overview and Level Annotations

Branches:
Dungeon (2/15)

Annotations:
D:1 Natasha


Innate Abilities, Weirdness & Mutations

You have an increased reservoir of magic. (+10% MP)
You shall have no god before yourself.
Your divine heritage dramatically boosts your attributes as you level up.


Message History

Natasha mumbles some strange words.
You hit Natasha but do no damage.
Natasha is lightly wounded.
Natasha mumbles some strange words.
Natasha barely misses you. Natasha claws you! Natasha barely misses you.
The white imp gestures at you. The puff of frost hits you.
Natasha attacks as you move away! Natasha claws you!
Natasha casts a spell at you.
You feel yourself slow down.
You see here 4 poisoned darts.
You hit the white imp.
The white imp is lightly wounded.
The white imp closely misses you. The white imp barely misses you.
You hit the white imp but do no damage.
The white imp is lightly wounded.
The white imp gestures at you. The puff of frost misses you.
The white imp hits you but does no damage.
You hit the white imp.
The white imp is moderately wounded.
The white imp hits you but does no damage.
The white imp barely misses you.
You closely miss the white imp.
The white imp is moderately wounded.
The white imp gestures at you. The puff of frost hits you!
The white imp gestures at you. You block the puff of frost.
The white imp barely misses you.
You slash the white imp!
You kill the white imp!
The white imp disappears in a puff of smoke!
Natasha casts a spell at you. The magic dart hits you.
* * * LOW HITPOINT WARNING * * *
Natasha extends her claws.
Natasha casts a spell.
The white imp gestures at you. The puff of frost hits you!
You die...

*,* *,,* *,,,,*,,,, *,*
******..#****,**,,[,,* *,*
*,,,,,...,,,,,**,,,,,, *,*
#,****..#*,,.,,,,,,,,, *,*
#.* *..#*,..,,,,,,,,, *,*
**#.###*..##.#.,***,,,,* *,*
*,,...#,.......,,,,,,*,,
*,###,**#5##...#**,,**,,,,,*
*,,...* #h§@...# *,*********
****#.###.####.# ***,,,,,,,,
#)....# *,***,,,***,,,*
###.### ***,,,****,,,,,
######.# **,,*****,,,<,,
#......# **,,** **,,,,,,,
#.###### **,,** **,,,,,,,,
#.# **,,** **,,,,,,*,, #.#
*,,** **,,,,,,***,


You could see Natasha (fast) and a white imp (summoned).

Vanquished Creatures
  Natasha (twice) (D:1)
  A worm (D:2)
  A dart slug (D:1)
  4 bats
  2 endoplasms (D:1)
  3 giant cockroaches (D:1)
  3 goblins (D:1)
  3 hobgoblins
  2 kobolds (D:1)
  2 frilled lizards (D:1)
  2 rats (D:1)
25 creatures vanquished.

Notes
Turn   | Place    | Note
-------+----------+-------------------------------------------
     0 | D:1      | Murumi the Demigod Fighter began the quest for the Orb.
     0 | D:1      | Reached XP level 1. HP: 18/18 MP: 3/3
   341 | D:1      | Reached XP level 2. HP: 26/26 MP: 4/4
  1042 | D:2      | Reached skill level 1 in Dodging
  1097 | D:2      | Noticed Natasha
  1119 | D:1      | Killed Natasha
  1120 | D:1      | Reached skill level 1 in Stealth
  1120 | D:1      | Reached XP level 3. HP: 17/31 MP: 5/5
  1189 | D:1      | Noticed Natasha
  1195 | D:1      | Killed Natasha
  1196 | D:1      | Reached XP level 4. HP: 13/38 MP: 6/6
  1460 | D:1      | Noticed Natasha
  1473 | D:1      | Killed from afar by a white imp

Illustrated notes

Levels and vault maps discovered:
D:1:      dpeg_arrival_central, layout_loops_ring, minmay_split_cup_small
D:2:      layout_rooms, chequers_serial_rivers_micro_d, uniq_natasha,
          uniq_jessica

Skill      XL: |  1  2  3 |
---------------+----------+-----
Long Blades    | 2 |  2.3
Fighting       | 3 |  3.0
Shields        | 3 |  3.0
Armour         | 3 |  3.0
Dodging        | 1 2 |  2.0
Stealth        | 1 |  1.0

Action                   |  1- 3 |  4- 6 || total
-------------------------+-------+-------++-------
Melee: Long sword        |    75 |     9 ||    84
  Use: Scroll            |     2 |       ||     2
Armor: Scale mail        |    33 |     3 ||    36
Dodge: Dodged            |    11 |     8 ||    19
Block: Buckler           |     2 |       ||     2
       Kite shield       |    18 |     2 ||    20

Table legend: (Time is in decaauts)
 A = Elapsed time spent in this place.
 B = Non-inter-level travel time spent in this place.
 C = Inter-level travel time spent in this place.
 D = Time resting spent in this place.
 E = Time spent auto-exploring this place.
 F = Levels seen in this place.
 G = Mean time per level.
                   A        B        C        D        E       F      G
               +--------+--------+--------+--------+--------+-----+--------+
         Total |   1523 |   1422 |    101 |      2 |   1170 |   2 |  761.5 |
       Dungeon |   1523 |   1422 |    101 |      2 |   1170 |   2 |  761.5 |
               +--------+--------+--------+--------+--------+-----+--------+

Top non-repeatable levels by time:
     D:1: 1491 daAuts
     D:2: 31 daAuts
